 Dungeon Crawl Stone Soup version 0.25-a0-1130-g3926558f3a (webtiles) character file.

Game seed: 9108802328908551535, levelgen mode: deterministic

107 Lugonue the Firebug (level 4, -12/34 HPs)
             Began as a Hill Orc Fire Elementalist on May 19, 2020.
             Mangled by a warg (15 damage)
             ... on level 3 of the Dungeon.
             The game lasted 00:05:14 (3725 turns).

Lugonue the Firebug (Hill Orc Fire Elementalist)    Turns: 3725, Time: 00:05:15

Health: -12/34     AC:  4    Str: 11    XL:     4   Next: 86%
Magic:  0/7        EV: 12    Int: 15    God:
Gold:   152        SH:  0    Dex: 11    Spells: 6/7 levels left

rFire    . . .     SeeInvis .   j - +2 dagger (venom)
rCold    . . .     Gourm    .   (no shield)
rNeg     . . .     Faith    .   a - +0 robe
rPois    .         Spirit   +   d - +0 helmet
rElec    .         Reflect  .   (no cloak)
rCorr    .         Harm     .   (no gloves)
MR       .....                  s - +0 pair of boots
Stlth    ++........             k - amulet of guardian spirit
HPRegen  0.11/turn              g - +4 ring of slaying
MPRegen  0.10/turn              (no ring)

@: flying
A: no striking features
a: no special abilities


You were on level 3 of the Dungeon.
You were not hungry.

You visited 1 branch of the dungeon, and saw 3 of its levels.

You collected 152 gold pieces.

Inventory:

Hand Weapons
 j - a +2 dagger of venom (weapon)
Armour
 a - a +0 robe (worn)
 d - a +0 helmet (worn)
 s - a +0 pair of boots (worn)
 t - a +0 scale mail
Jewellery
 g - a +4 ring of slaying (left hand)
 k - an amulet of guardian spirit (around neck)
 l - an uncursed ring of positive energy
 q - an uncursed ring of ice {unknown}
Wands
 o - a wand of polymorph (6)
Scrolls
 b - 5 scrolls of identify {unknown}
 e - 2 scrolls of immolation {unknown}
 f - a scroll of remove curse {unknown}
 m - a scroll of teleportation {unknown}
Potions
 h - a potion of flight
 i - a potion of degeneration {unknown}
 p - 2 potions of curing
 r - a potion of invisibility {unknown}
 u - a potion of ambrosia {unknown}
Comestibles
 c - 4 rations
 n - 9 chunks of flesh


   Skills:
 + Level 0.6 Fighting
 + Level 2.1 Dodging
 + Level 1.9 Stealth
 - Level 0.7 Unarmed Combat
 + Level 2.1 Spellcasting
 + Level 1.8 Conjurations
 + Level 4.3 Fire Magic


You had 6 spell levels left.
You knew the following spells:

 Your Spells              Type           Power        Failure   Level  Hunger
a - Foxfire               Conj/Fire      ##..         6%          1    #......

Your spell library contained the following spells:

 Spells                   Type           Power        Failure   Level  Hunger
 Conjure Flame            Conj/Fire      ##......     19%         3    ###....
 Inner Flame              Hex/Fire       #.......     26%         3    ###....
 Sticky Flame             Conj/Fire      ##......     52%         4    #####..
 Fireball                 Conj/Fire      ##........   86%         5    ######.


Dungeon Overview and Level Annotations

Branches:
Dungeon (3/15)

Altars:
Fedhas
Kikubaaqudgha
Trog


Message History

The warg closely misses you.
Evoke which item? (* to show all) (? for menu, Esc to quit)
Aiming: Polymorph
Press: ? - help, Shift-Dir - straight line, f - warg
Aim: a warg (chance to defeat MR: 28%)
The warg easily resists.
The warg barely misses you.
Evoke which item? (* to show all) (? for menu, Esc to quit)
Aiming: Polymorph
Press: ? - help, Shift-Dir - straight line, f - warg
Aim: a warg (chance to defeat MR: 28%)
The warg easily resists.
The warg bites you! x2
* * * LOW HITPOINT WARNING * * *
Okay, then.
Unknown command.
It was a potion of curing.
You feel better. The warg bites you.
* * * LOW HITPOINT WARNING * * *
It was a potion of flight.
You feel very buoyant.
You fly up into the air.
The warg bites you!
You die...

#........##...÷....#
#######.#8##...##.......##
#.......####...##.......##
#.........#⌠...⌠#.........
#.........##...####.....#.
#.......####...##8#.....#.
##.......####........###.#.
#..........#8........###.#.
#........#@##........##....
#.########h###8###8####....
... .######r######### #....
.> ......hhh...... .....
.....##h(....## #.... ...h
.......# ##### ..$
.#........ # .. ..#.....###
# . .. ......# #.#


You could see a warg, 4 jackals and a rat.

Vanquished Creatures
  3 adders
  An ooze (D:1)
  A worm (D:3)
  2 dart slugs
  4 leopard geckos
  A giant cockroach (D:2)
  8 goblins
  12 hobgoblins
  3 jackals (D:3)
  6 kobolds
  2 ball pythons
  12 bats
  4 frilled lizards
  5 rats
64 creatures vanquished.

Vanquished Creatures (others)
  101 foxfires
101 creatures vanquished.

Grand Total: 165 creatures vanquished

Notes
Turn   | Place    | Note
-------+----------+-------------------------------------------
     0 | D:1      | Lugonue the Hill Orc Fire Elementalist began the quest for
                  | the Orb.
     0 | D:1      | Reached XP level 1. HP: 14/14 MP: 3/3
   617 | D:1      | Reached XP level 2. HP: 16/20 MP: 1/4
  1079 | D:1      | Reached XP level 3. HP: 26/26 MP: 1/5
  1080 | D:1      | Reached skill level 4 in Fire Magic
  2658 | D:2      | Reached XP level 4. HP: 33/33 MP: 7/7
  2689 | D:2      | Found a bloodstained altar of Trog.
  3225 | D:3      | Found an ancient bone altar of Kikubaaqudgha.
  3537 | D:3      | Found a blossoming altar of Fedhas.
  3720 | D:3      | Noticed a bullfrog
  3720 | D:3      | a hound changed into a bullfrog
  3721 | D:3      | Noticed a warg
  3721 | D:3      | a bullfrog changed into a warg
  3725 | D:3      | Mangled by a warg

Illustrated notes

Levels and vault maps discovered:
D:1:      tarquinn_simple_flora_water_f, layout_loops_corners
D:2:      layout_loops_cross, lemuel_coloured_pillars_altar,
          nicolae_overflow_hidden_temple
D:3:      layout_basic, lemuel_doored_altar, lemuel_round_altar, first_ration,
          serial_corexii_hall, chequers_hall_statues_wall_a,
          corexii_hall_statues_s

Skill      XL: |  1  2  3 |
---------------+----------+-----
Fire Magic     | 4 |  4.3
Dodging        | 2 |  2.1
Spellcasting   | 2 |  2.1
Fighting       | |  0.6
Stealth        | |  1.9
Unarmed Combat | |  0.7
Conjurations   | |  1.8

Action                   |  1- 3 |  4- 6 || total
-------------------------+-------+-------++-------
Melee: Unarmed           |    16 |       ||    16
       Dagger            |    16 |    31 ||    47
 Cast: Foxfire           |    55 |    14 ||    69
Evoke: Wand              |       |    10 ||    10
  Use: Potion            |       |     2 ||     2
 Stab: Sleeping          |     1 |     1 ||     2
  Eat: Chunk             |     5 |     5 ||    10
Armor: Robe              |    15 |     9 ||    24
Dodge: Dodged            |    32 |    28 ||    60

Table legend:
 A = Non-vault XP
 B = Vault XP
 C = Vault XP percentage of total XP
 D = Non-vault monster count
 E = Vault monster count
 F = Vault count percentage of total count
                 A         B        C        D         E       F
            +---------+---------+-------+---------+---------+-------
      Total |     154 |       0 |   0.0 |      64 |       0 |   0.0
            +---------+---------+-------+---------+---------+-------
        D:1 |      56 |       0 |   0.0 |      30 |       0 |   0.0
        D:2 |      32 |       0 |   0.0 |      12 |       0 |   0.0
        D:3 |      66 |       0 |   0.0 |      22 |       0 |   0.0
            +---------+---------+-------+---------+---------+-------
